 Dungeon Sprint DCSS version 0.23.2-40-g277498a001 (webtiles) character file.

Game seed: 14507759199310296670

1724 Cryoshakespeare the Earth Mage (level 8, -2/62 HPs)
             Began as a Deep Dwarf Earth Elementalist on Sept 23, 2019.
             Was a High Priest of Makhleb.
             Slain by a komodo dragon (15 damage)
             ... in the Dungeon (Sprint IX: "|||||||||||||||||||||||||||||").
             The game lasted 00:06:27 (1241 turns).

Cryoshakespeare the Earth Mage (DDEE)               Turns: 1241, Time: 00:06:28

Health: -2/62      AC:  4    Str: 14    XL:     8   Next: 75%
Magic:  4/17       EV: 14    Int: 19    God:    Makhleb [*****.]
Gold:   8          SH:  0    Dex: 13    Spells: 16/22 levels left

rFire    . . .     SeeInvis .   n - staff of energy
rCold    . . .     Gourm    .   (no shield)
rNeg     . . .     Faith    .   c - +0 robe
rPois    .         Spirit   .   p - +0 helmet
rElec    .         Reflect  .   (no cloak)
rCorr    .         Harm     .   o - +0 pair of gloves
MR       +....     NoTele   +   (no boots)
Stlth    ++........             (no amulet)
HPRegen  0.00/turn              r - +2 ring of evasion
MPRegen  0.15/turn              s - +3 ring of strength

@: non-regenerating
A: damage resistance, heal wounds, sense surroundings 1, no regeneration
a: Heal Wounds, Minor Destruction, Lesser Servant of Makhleb, Major Destruction,
Greater Servant of Makhleb, Renounce Religion


You were in the Dungeon.
You worshipped Makhleb.
Makhleb was extremely pleased with you.
You were hungry.

You visited 1 branch You collected 8 gold pieces.

Inventory:

Hand Weapons
 a - a +2 short sword of protection
Missiles
 b - 27 stones (quivered)
Armour
 c - a +0 robe (worn)
 o - a +0 pair of gloves (worn)
 p - a +0 helmet (worn)
 q - a +0 plate armour
Magical Staves
 n - an uncursed staff of energy (weapon)
Jewellery
 r - a +2 ring of evasion (left hand)
 s - a +3 ring of strength (right hand)
Wands
 m - a wand of acid (10)
Scrolls
 j - 4 scrolls of blinking
 k - 3 scrolls of remove curse
 l - 2 scrolls of amnesia
 w - 4 scrolls of enchant armour
 x - 2 scrolls of enchant weapon
 y - a scroll of fog
Potions
 e - 7 potions of curing
 f - 5 potions of heal wounds
 g - a potion of haste
 h - 4 potions of magic
 i - a potion of invisibility
 u - 3 potions of mutation
 v - a potion of lignification
Comestibles
 d - a ration


   Skills:
 - Level 2.1 Dodging
 - Level 2.4 Stealth
 + Level 7.7 Spellcasting
   Level 0.8 Transmutations
 - Level 18.8 Earth Magic
 - Level 10.5 Evocations


You had 16 spell levels left.
You knew the following spells:

 Your Spells              Type           Power        Failure   Level  Hunger
a - Sandblast             Erth           ######       0%          1    None
b - Lee's Rapid Deconstr  Erth           ######....   1%          5    None

Your spell library contained the following spells:

 Spells                   Type           Power        Failure   Level  Hunger
 Passwall                 Tmut/Erth      #####...     1%          2    None
 Stone Arrow              Conj/Erth      #####.       1%          3    None
 Petrify                  Tmut/Erth      #####...     1%          4    None


Dungeon Overview and Level Annotations

Branches:
Dungeon (1/1)

Altars:
Cheibriados
Dithmenos
Elyvilon
Fedhas
Gozag
Hepliaklqana
Kikubaaqudgha
Makhleb
Nemelex Xobeh
Okawaru
Qazlal
Ru
Sif Muna
Trog
Uskayaw
Vehumet
Wu Jian
Xom
Yredelemnul
Zin
The Shining One
Beogh
Jiyva
Lugonu


Innate Abilities, Weirdness & Mutations

You are resistant to damage.
You can heal yourself by infusing magical energy.
You passively map a small area around you.
You do not regenerate.


Message History

The blast of rock fragments hits the bullfrog!!
You kill the bullfrog!
Makhleb accepts your kill.
You can now summon a greater servant of Makhleb.
You feel better.
The blast of rock fragments hits the komodo dragon!
The komodo dragon is heavily wounded.
The komodo dragon bites you!
Unknown command.
Unknown command.
Nothing appears to happen.
The komodo dragon bites you.
Nothing appears to happen.
The komodo dragon bites you!!
* * * LOW HITPOINT WARNING * * *
You feel much better. The komodo dragon bites you!!
* * * LOW HITPOINT WARNING * * *
You fail to use your ability.
The komodo dragon barely misses you.
You feel much better. The komodo dragon bites you!!
* * * LOW HITPOINT WARNING * * *
You fail to use your ability.
The komodo dragon bites you!
You die...

▓_▓.▓.▓ *
* ▓_▓.▓.▓,
▓_▓.▓.▓ *
▓_▓.▓.▓ ,
* ▓_▓.▓.▓
*,
▓_▓.▓t▓,
▓_▓.▓Y▓
▓_▓.▓l▓, *
▓_▓.▓@▓ ,
▓_▓.▓.▓ *
* ▓_▓.▓.▓,
▓'▓.▓.▓
▓.▓.▓.▓ *
* ▓.▓.▓.▓
,* ▓.▓.▓.▓
* ▓.▓.▓.▓
*
▓.▓.▓.▓,*,
*


You could see a komodo dragon, a yak and a crocodile.

Vanquished Creatures
  A spiny frog (D)
  2 hippogriffs (D)
  A soldier ant (D)
  A water moccasin (D)
  A necrophage (D)
  2 ogres (D)
  A wolf (D)
  A centaur (D)
  A crocodile (D)
  A big kobold (D)
  2 bullfrogs (D)
  2 crimson imps (D)
  A hound (D)
  An iguana (D)
  A worker ant (D)
  An adder (D)
  A shadow imp (D)
  2 dart slugs (D)
  A bat zombie (D)
  A bat (D)
  A kobold (D)
  2 rats (D)
28 creatures vanquished.

Notes
Turn   | Place    | Note
-------+----------+-------------------------------------------
     0 | D        | Cryoshakespeare the Deep Dwarf Earth Elementalist began the
                  | quest for the Orb.
     0 | D        | Reached XP level 1. HP: 15/15 MP: 3/3
     6 | D        | Reached skill level 5 in Earth Magic
    19 | D        | Reached skill level 6 in Earth Magic
   163 | D        | Noticed a necrophage
   163 | D        | Noticed an ogre
   163 | D        | Noticed a crimson imp
   163 | D        | Noticed a hound
   165 | D        | Killed a hound
   165 | D        | Reached skill level 9 in Earth Magic
   165 | D        | Reached XP level 2. HP: 19/22 MP: 1/4
   165 | D        | Reached XP level 3. HP: 24/28 MP: 1/5
   180 | D        | Killed an ogre
   180 | D        | Reached skill level 12 in Earth Magic
   180 | D        | Reached XP level 4. HP: 28/36 MP: 1/6
   184 | D        | Killed a necrophage
   184 | D        | Reached skill level 14 in Earth Magic
   184 | D        | Reached XP level 5. HP: 33/42 MP: 1/7
   190 | D        | Reached skill level 15 in Earth Magic
   648 | D        | Learned a level 5 spell: Lee's Rapid Deconstruction
   653 | D        | Found a roughly hewn altar of Beogh.
   653 | D        | Found a snail-covered altar of Cheibriados.
   653 | D        | Found a shadowy altar of Dithmenos.
   653 | D        | Found a white marble altar of Elyvilon.
   653 | D        | Found a blossoming altar of Fedhas.
   653 | D        | Found an opulent altar of Gozag.
   654 | D        | Found a hazy altar of Hepliaklqana.
   655 | D        | Found a viscous altar of Jiyva.
   656 | D        | Found an ancient bone altar of Kikubaaqudgha.
   657 | D        | Found a corrupted altar of Lugonu.
   658 | D        | Found a burning altar of Makhleb.
   659 | D        | Found a sparkling altar of Nemelex Xobeh.
   660 | D        | Found an iron altar of Okawaru.
   661 | D        | Found a stormy altar of Qazlal.
   662 | D        | Found a sacrificial altar of Ru.
   663 | D        | Found a deep blue altar of Sif Muna.
   664 | D        | Found a bloodstained altar of Trog.
   665 | D        | Found a hide-covered altar of Uskayaw.
   666 | D        | Found a radiant altar of Vehumet.
   667 | D        | Found an ornate altar of the Wu Jian Council.
   668 | D        | Found a shimmering altar of Xom.
   669 | D        | Found a basalt altar of Yredelemnul.
   670 | D        | Found a glowing silver altar of Zin.
   671 | D        | Found a glowing golden altar of the Shining One.
   682 | D        | Became a worshipper of Makhleb the Destroyer
   771 | D        | Noticed a hippogriff
   776 | D        | Reached skill level 16 in Earth Magic
   776 | D        | Reached XP level 6. HP: 44/49 MP: 0/7
   782 | D        | Reached * piety under Makhleb
   782 | D        | Reached skill level 17 in Earth Magic
   806 | D        | Killed a hippogriff
   806 | D        | Reached ** piety under Makhleb
   806 | D        | Reached skill level 18 in Earth Magic
   806 | D        | Reached XP level 7. HP: 40/55 MP: 0/7
   998 | D        | Reached skill level 1 in Evocations
  1006 | D        | Reached *** piety under Makhleb
  1006 | D        | Reached skill level 5 in Evocations
  1220 | D        | Noticed a komodo dragon
  1220 | D        | Noticed a hippogriff
  1220 | D        | Noticed a spiny frog
  1224 | D        | Reached skill level 5 in Spellcasting
  1224 | D        | Reached XP level 8. HP: 62/62 MP: 6/13
  1225 | D        | Killed a hippogriff
  1225 | D        | Reached **** piety under Makhleb
  1225 | D        | Killed a spiny frog
  1225 | D        | Reached skill level 10 in Evocations
  1235 | D        | Reached ***** piety under Makhleb
  1241 | D        | Slain by a komodo dragon

Skill      XL: |  1  2  3  4  5  6  7  8 |
---------------+-------------------------+-----
Earth Magic    | 9 12 14 16 18 | 18.8
Spellcasting   | 5 7 |  7.7
Evocations     | 7 10 | 10.5
Dodging        | |  2.1
Stealth        | |  2.4
Transmutations | |  0.8

Action                   |  1- 3 |  4- 6 |  7- 9 || total
-------------------------+-------+-------+-------++-------
Melee: Unarmed           |    10 |       |       ||    10
       Short sword       |    13 |     8 |       ||    21
 Cast: Sandblast         |     6 |     3 |     1 ||    10
       Lee's Rapid Decon |       |     4 |     8 ||    12
 Abil: Heal Wounds       |       |     4 |     4 ||     8
Evoke: Staff of energy   |       |     7 |    10 ||    17
  Use: Potion            |     1 |       |       ||     1
  Eat: Chunk             |       |       |     1 ||     1
Armor: Robe              |     5 |     7 |     3 ||    15
Dodge: Dodged            |    11 |    39 |    16 ||    66
